 Dungeon Crawl Stone Soup version 0.19.1-1-g22dce08 (webtiles) character file.

1106 Macro the Slinger (level 8, -8/54 HPs)
             Began as a Halfling Wanderer on Jan 14, 2017.
             Was a Follower of Fedhas.
             Mangled by an ogre
             ... wielding a +0 giant spiked club
              (17 damage)
             ... on level 5 of the Dungeon on Jan 15, 2017.
             The game lasted 01:48:30 (5849 turns).

Macro the Slinger (Halfling Wanderer)               Turns: 5849, Time: 01:48:31

Health: -8/54      AC: 15    Str: 15    XL:     8   Next: 58%
Magic:  8/8        EV:  9    Int: 11    God:    Fedhas [*.....]
Gold:   216        SH:  0    Dex: 13    Spells: 1 memorised, 6 levels left

rFire  . . .     SeeInvis .     v - +0 blowgun
rCold  . . .     Gourm    .     J - +2 chain mail {rN+}
rNeg   + . .     Faith    +     (shield restricted)
rPois  .         Spirit   .     I - +0 helmet
rElec  .         Reflect  .     m - +0 cloak
rCorr  .         Harm     .     (no gloves)
MR     .....                    B - +0 pair of boots
Stlth  ..........               q - amulet of faith
                                F - ring of stealth
                                A - ring of wizardry

@: no status effects
A: mutation resistance 1, slow regeneration 1
a: Fungal Bloom, Evolution, Renounce Religion


You were on level 5 of the Dungeon.
You worshipped Fedhas.
Fedhas was aware of your devotion.
You were near starving.

You visited 2 branches of the dungeon, and saw 6 of its levels.
You also visited: Ossuary.

You collected 216 gold pieces.

Inventory:

Hand Weapons
 a - a +2 hand crossbow
 j - a +0 dagger
 v - a +0 blowgun (weapon)
 y - a +0 hunting sling
 H - a +0 short sword
Missiles
 b - 3 bolts
 w - 27 poisoned needles (quivered)
Armour
 m - a +0 cloak (worn)
 B - a +0 pair of boots (worn)
 I - a +0 helmet (worn)
 J - a +2 chain mail of positive energy (worn)
Jewellery
 q - an amulet of faith (around neck)
 A - a ring of wizardry (left hand)
 F - a ring of stealth (right hand)
Wands
 C - a wand of random effects (0/48)
Scrolls
 c - 5 scrolls of teleportation
 g - 7 scrolls of enchant armour {unknown}
 i - 3 scrolls of amnesia {unknown}
 k - 9 scrolls of identify {unknown}
 n - 3 scrolls of recharging {unknown}
 o - 2 scrolls of random uselessness {unknown}
 s - a scroll of blinking {unknown}
 t - 3 scrolls of remove curse {unknown}
 G - a scroll of vulnerability {unknown}
Potions
 e - a potion of invisibility
 h - a potion of might
 l - a potion of ambrosia
 r - a potion of cancellation
 u - a potion of mutation
 x - a potion of agility {unknown}
 K - a potion of lignification {unknown}
Books
 D - a book of Minor Magic

   Spells                             Type                      Level
   a - Magic Dart                     Conjuration                  1
   b - Blink                          Translocation                2
   c - Call Imp                       Summoning                    2
   d - Repel Missiles                 Charms/Air                   2
   e - Slow                           Hexes                        2
   f - Conjure Flame                  Conjuration/Fire             3
   g - Mephitic Cloud                 Conjuration/Poison/Air       3
Comestibles
 f - 4 bread rations
 p - 4 meat rations
 E - a slice of pizza


   Skills:
 + Level 4.5 Fighting
   Level 1.0 Axes
 + Level 8.8(9.1) Slings
 + Level 4.3 Crossbows
 + Level 2.0(4.3) Throwing
 + Level 4.7 Armour
 + Level 1.6 Dodging
 + Level 0.2 Stealth
   Level 1.1 Shields
 + Level 0.3 Spellcasting
 + Level 0.1 Conjurations
 + Level 0.2 Evocations


You had 6 spell levels left.
You knew the following spells:

 Your Spells              Type           Power        Failure   Level  Hunger
a - Magic Dart            Conj           #...         99%         1    ##.....


Dungeon Overview and Level Annotations

Branches:
Dungeon (5/15)             Temple (1/1) D:5

Altars:
Ashenzari
Cheibriados
Fedhas
Gozag
Hepliaklqana
Kikubaaqudgha
Makhleb
Okawaru
Qazlal
Sif Muna
Uskayaw
Vehumet
Xom
Yredelemnul
The Shining One
Lugonu

Shops:
D:4 =

Annotations:
D:5 exclusion: statue


Innate Abilities, Weirdness & Mutations

You are small and have problems with some larger weapons.
You are somewhat resistant to further mutation.
You regenerate slowly when monsters are visible.


Message History

Press: ? - help, Shift-Dir - straight line, f/p - ogre
Aim: an ogre, wielding a giant spiked club (almost dead)
You shoot a stone. The stone completely misses the ogre.
The ogre barely misses you.
The crimson imp hits you but does no damage.
v - a +0 blowgun (weapon)
Firing (i - inventory):
w - 28 poisoned needles (quivered)
Press: ? - help, Shift-Dir - straight line, f/p - ogre
Aim: an ogre, wielding a giant spiked club (almost dead)
You shoot a poisoned needle. The poisoned needle hits the ogre!
The ogre is poisoned.
The ogre is almost dead.
The crimson imp closely misses you.
The ogre hits you with a giant spiked club!
* * * LOW HITPOINT WARNING * * *
You feel better.
The crimson imp hits you but does no damage.
The ogre hits you with a giant spiked club!
You die...
Fedhas appreciates your contribution to the ecosystem.

##### #.... ###### #####....
#.( ... ......... #5# #._.
###...... #@# #... #......
######### #O# #..## #.....#
#.......# #(# #...# #.....#
#..(.(..# #(###...####.....#
#.......###...+...'.......<.
#....((.....###...##########
#........(..# #...#
###.........((# #...#
#.............###...#


You could see an ogre and a crimson imp.

Vanquished Creatures
  2 ogres
  2 elf zombies (Ossuary)
  2 scorpions (D:4)
  A crimson imp (D:5)
  3 human zombies (Ossuary)
  2 human skeletons (D:4)
  An iguana (D:4)
  A worker ant (D:5)
  3 big kobold zombies (Ossuary)
  A hound zombie (D:5)
  2 mummies (Ossuary)
  2 adders
  2 worms
  5 dart slugs
  4 orcs
  9 bats
  2 giant cockroaches
  5 hobgoblins
  10 kobolds
  2 quokkas
  5 frilled lizards
  12 goblins
  A goblin zombie (Ossuary)
  9 hobgoblin zombies (Ossuary)
  A jackal zombie (Ossuary)
  15 kobold zombies (Ossuary)
  An orc skeleton (D:4)
  3 orc zombies (Ossuary)
  8 rats
  A spectral orc (D:2)
117 creatures vanquished.

Vanquished Creatures (collateral kills)
  A phantom (D:4)
  An elf zombie (D:4)
  3 elf skeletons (D:4)
  A human zombie (D:4)
  A bullfrog skeleton (D:4)
  A human skeleton (D:4)
  2 worker ants (D:4)
  2 worms (D:3)
  A leopard gecko (D:3)
  2 orcs (D:3)
  A giant cockroach (D:3)
  A hobgoblin (D:3)
  A quokka (D:3)
  An orc skeleton (D:4)
  An orc zombie (D:4)
  A rat (D:3)
21 creatures vanquished.

Vanquished Creatures (others)
  A wandering mushroom (D:4)
  28 toadstools
29 creatures vanquished.

Grand Total: 167 creatures vanquished

Notes
Turn   | Place    | Note
-------+----------+-------------------------------------------
     0 | D:1      | Macro the Halfling Wanderer began the quest for the Orb.
     0 | D:1      | Macro set off with: a +2 hand crossbow, 28 bolts, a scroll of teleportation, a +0 ring mail, a bread ration
     0 | D:1      | Reached XP level 1. HP: 15/15 MP: 1/1
   100 | D:1      | Reached XP level 2. HP: 20/20 MP: 2/2
   395 | D:1      | Reached XP level 3. HP: 26/26 MP: 3/3
  1147 | D:2      | Reached XP level 4. HP: 31/31 MP: 4/4
  1169 | D:2      | Found a blossoming altar of Fedhas.
  1181 | D:2      | Became a worshipper of Fedhas Madash
  1380 | D:2      | Found a basalt altar of Yredelemnul.
  1735 | D:3      | Reached * piety under Fedhas
  1796 | D:3      | Found a stormy altar of Qazlal.
  1798 | D:3      | Noticed an earth elemental
  1800 | D:3      | Noticed a fire elemental
  1800 | D:3      | Noticed a water elemental
  1800 | D:3      | Noticed an air elemental
  1975 | D:3      | Reached XP level 5. HP: 36/36 MP: 5/5
  2445 | D:4      | Found Maaclyso's Jewellery Shop.
  2584 | D:4      | Found a shimmering altar of Xom.
  2653 | D:4      | Reached skill level 1 in Slings
  2667 | D:4      | Reached skill level 2 in Slings
  2667 | D:4      | Reached XP level 6. HP: 29/42 MP: 6/6
  2682 | D:4      | Reached skill level 3 in Slings
  2713 | D:4      | Reached skill level 4 in Slings
  2746 | D:4      | Found a sand-covered staircase.
  2757 | D:4      | Reached skill level 5 in Slings
  2757 | D:4      | Reached XP level 7. HP: 23/46 MP: 7/7
  2764 | Ossuary  | Entered an ossuary
  3303 | Ossuary  | Gained mutation: You regenerate slowly when monsters are visible. [potion of mutation]
  3995 | Ossuary  | Reached skill level 1 in Dodging
  4011 | Ossuary  | Reached skill level 6 in Slings
  4332 | D:4      | Reached skill level 7 in Slings
  4332 | D:4      | Reached XP level 8. HP: 46/54 MP: 8/8
  4356 | D:4      | Learned a level 1 spell: Magic Dart
  4913 | D:4      | Reached skill level 8 in Slings
  5143 | D:5      | Entered Level 5 of the Dungeon
  5520 | D:5      | Found a snail-covered altar of Cheibriados.
  5530 | D:5      | Found a staircase to the Ecumenical Temple.
  5612 | Temple   | Entered the Ecumenical Temple
  5689 | D:5      | Found a radiant altar of Vehumet.
  5848 | D:5      | HP: 2/54 [ogre/giant spiked club (13)]
  5849 | D:5      | Mangled by an ogre

Skill      XL: |  1  2  3  4  5  6  7  8 |
---------------+-------------------------+-----
Fighting       | 3 4 |  4.5
Crossbows      | 2 3 4 |  4.3
Armour         | 4 |  4.7
Slings         | 2 5 7 8 |  8.8
Dodging        | 1 |  1.6
Throwing       | 2 |  2.0
Axes           | |  1.0
Stealth        | |  0.2
Shields        | |  1.1
Spellcasting   | |  0.3
Conjurations   | |  0.1
Evocations     | |  0.2

Action                   |  1- 3 |  4- 6 |  7- 9 || total
-------------------------+-------+-------+-------++-------
Melee: Short sword       |       |       |    18 ||    18
 Fire: Hand crossbow     |    76 |    91 |    15 ||   182
       Hunting sling     |       |    83 |   370 ||   453
       Blowgun           |       |     8 |    25 ||    33
Throw: Stone             |       |       |     1 ||     1
 Cast: Magic Dart        |       |       |     1 ||     1
Invok: Fungal Bloom      |       |     9 |     2 ||    11
       Evolution         |       |     1 |       ||     1
Evoke: Wand              |       |       |    11 ||    11
  Use: Potion            |       |       |     9 ||     9
       Scroll            |       |       |     1 ||     1
  Eat: Chunk             |       |     5 |     4 ||     9
       Bread ration      |       |       |     1 ||     1
Armor: Ring mail         |    20 |    25 |    88 ||   133
       Chain mail        |       |       |    23 ||    23
Dodge: Dodged            |    13 |    60 |   125 ||   198
